 Dungeon Crawl Stone Soup version 0.23-a0-143-g1adec7b (webtiles) character file.

1922 Amnesiac the Chiller (level 8, -2/52 HPs)
             Began as a Mummy Ice Elementalist on Sept 5, 2018.
             Was an Elder of Vehumet.
             Slain by a centaur (3 damage)
             ... on level 6 of the Dungeon.
             The game lasted 00:16:53 (8367 turns).

Amnesiac the Chiller (Mummy Ice Elementalist)       Turns: 8367, Time: 00:16:54

Health: -2/52      AC:  2    Str: 11    XL:     8   Next: 96%
Magic:  0/24       EV: 12    Int: 17    God:    Vehumet [****..]
Gold:   220        SH:  5    Dex: 12    Spells: 0/17 levels left

rFire    . . .     SeeInvis .   r - +1 short sword (drain)
rCold    + . .     Gourm    .   e - +0 buckler
rNeg     + + +     Faith    .   a - +0 robe
rPois    ∞         Spirit   .   (no helmet)
rElec    .         Reflect  .   (no cloak)
rCorr    .         Harm     .   (no gloves)
MR       +....                  (no boots)
Stlth    ++........             b - amulet of inaccuracy (curse)
HPRegen  0.17/turn              g - ring of protection from fire
MPRegen  0.19/turn              f - ring of magical power

@: very slightly contaminated
A: no food or potions, fire vulnerability, cold resistance 1, negative energy
resistance 3, torment resistance, unbreathing
a: Renounce Religion


You were on level 6 of the Dungeon.
You worshipped Vehumet.
Vehumet was greatly pleased with you.
You were not hungry.

You visited 2 branches of the dungeon, and saw 7 of its levels.
You also visited: Sewer.

You collected 220 gold pieces.

Inventory:

Hand Weapons
 c - a +2 antimagic spear
 m - a +0 trident
 p - a +0 blowgun
 r - a +1 short sword of draining (weapon)
Missiles
 q - 26 poisoned needles
Armour
 a - a +0 robe (worn)
 e - a +0 buckler (worn)
 h - the +1 ring mail of Iguetz {rPois rN+ Int-4}
   (You found it on level 4 of the Dungeon)

   It affects your intelligence (-4).
   It protects you from poison.
   It protects you from negative energy.
 t - a +0 helmet
Jewellery
 b - a cursed amulet of inaccuracy (around neck)
 f - a ring of magical power (right hand)
 g - a ring of protection from fire (left hand)
Wands
 l - a wand of flame (26)
Scrolls
 d - a scroll of identify {!r}
 i - a scroll of remove curse {!r}
 j - 3 scrolls of immolation {!r}
 k - 5 scrolls of enchant armour {!r}
 n - a scroll of fog {!r}
 o - a scroll of magic mapping {!r}
 s - a scroll of enchant weapon {!r}
 u - a scroll of blinking {!r}


   Skills:
 - Level 1.5 Dodging
 - Level 1.5 Stealth
 - Level 4.0 Shields
 + Level 5.3 Spellcasting
 * Level 5.3 Conjurations
 - Level 4.0 Necromancy
 * Level 5.4 Ice Magic


You couldn't memorise any spells.
You knew the following spells:

 Your Spells              Type           Power        Failure   Level  Hunger
a - Throw Icicle          Conj/Ice       ###.....     4%          4    N/A
b - Summon Ice Beast      Ice/Summ       ##......     41%         4    N/A
d - Bolt of Draining      Conj/Necr      ###.......   16%         5    N/A
e - Freeze                Ice            ###.         1%          1    N/A
z - Ozocubu's Armour      Chrm/Ice       ##......     14%         3    N/A

Your spell library contained the following spells:

 Spells                   Type           Power        Failure   Level  Hunger
 Throw Frost              Conj/Ice       ###...       1%          2    N/A

Dungeon Overview and Level Annotations

Branches:
Dungeon (6/15)             Temple (1/1) D:4

Altars:
Ashenzari
Cheibriados
Dithmenos
Elyvilon
Fedhas
Gozag
Hepliaklqana
Kikubaaqudgha
Makhleb
Okawaru
Qazlal
Ru
Sif Muna
Trog
Uskayaw
Vehumet
Wu Jian
Xom
Yredelemnul
Zin
The Shining One


Innate Abilities, Weirdness & Mutations

You do not eat or drink.
Your flesh is vulnerable to fire.
You are immune to poison.
Your flesh is cold resistant. (rC+)
You are immune to negative energy. (rN+++)
You are immune to unholy pain and torment.
You can survive without breathing.


Message History

The centaur is too close now for your liking.
A centaur is nearby!
A centaur is nearby!
Casting: Freeze (safe; 1% risk of failure)
Confirm with . or Enter, or press ? or * to list all spells.
Aiming: Throw Icicle (safe; 4% risk of failure)
Press: ? - help, Shift-Dir - straight line, f - centaur
Aim: a centaur (hasn't noticed you)
The shard of ice hits the centaur.
The centaur is moderately wounded.
The centaur shouts!
The centaur wields a shortbow.
The centaur shoots an arrow.
The arrow hits you!
* * * LOW HITPOINT WARNING * * *
Casting: Throw Icicle (safe; 4% risk of failure)
Confirm with . or Enter, or press ? or * to list all spells.
Aiming: Throw Icicle (safe; 4% risk of failure)
Press: ? - help, Shift-Dir - straight line, f/p - centaur
Aim: a centaur, wielding a shortbow (moderately wounded)
The shard of ice misses the centaur.
The centaur shoots an arrow.
The arrow misses you.
Unknown command.
Evoke which item? (* to show all) (? for menu, Esc to quit)
Okay, then.
The centaur shoots an arrow.
You block the arrow.
The centaur shoots an arrow.
The arrow hits you.
* * * LOW HITPOINT WARNING * * *
You see here 2 arrows.
Things that are here:
a giant spiked club; an ogre corpse Really read
d - 2 scrolls of identify {!r}?
As you read the scroll of identify {!r}, it crumbles to dust.
s - a scroll of enchant weapon {!r} Put on which piece of jewellery? (? for menu, Esc to quit)
Oops, that amulet feels deathly cold.
b - a cursed amulet of inaccuracy (around neck)
The centaur shoots an arrow.
The arrow hits you!
* * * LOW HITPOINT WARNING * * *
Things that are here:
an arrow; a giant spiked club; an ogre corpse The centaur unwields an uncursed shortbow.
The centaur barely misses you.
Okay, then.
Unknown command.
Wield which item (- for none, * to show all)? (? for menu, Esc to quit)
Okay, then.
Okay, then.
Casting: Throw Icicle (safe; 4% risk of failure)
Confirm with . or Enter, or press ? or * to list all spells.
Aiming: Freeze (safe; 1% risk of failure)
Press: ? - help, Shift-Dir - straight line, f/p - centaur
Aim: a centaur (moderately wounded)
You freeze the centaur.
The centaur is severely wounded.
The centaur drinks a potion.
The centaur is healed!
The centaur hits you.
* * * LOW HITPOINT WARNING * * *
Casting: Freeze (safe; 1% risk of failure)
Confirm with . or Enter, or press ? or * to list all spells.
Aiming: Freeze (safe; 1% risk of failure)
Press: ? - help, Shift-Dir - straight line, f/p - centaur
Aim: a centaur (moderately wounded)
You freeze the centaur.
The centaur is severely wounded.
The centaur hits you.
You die...

....[##.c......# .##
###....#.# #.o###.# #.#
#..# #.# .## #.# #..#
#.### .h. #.#
#..###...#####
##.###.##
#(...........#
...#...####c#####.###.#
........(@.# #.# #.#
..#...###### #.# #.#
##(###########.###.#
#O##..............#
#.###.##.###......#####
#...<........######
#####....##### ######


You could see an orc warrior and a centaur.

Vanquished Creatures
  2 ice beasts
  A phantom (D:5)
  2 ogres (D:6)
  A necrophage (D:5)
  4 centaurs
  A big kobold (Sewer)
  A bullfrog (D:6)
  A centaur zombie (D:5)
  2 crimson imps
  4 hounds
  3 orc wizards
  A bullfrog skeleton (D:6)
  2 orc priests
  3 jellies
  2 iguanas
  A worker ant (Temple)
  A worker ant zombie (D:6)
  4 gnolls (D:4)
  6 river rats (Sewer)
  11 adders
  A shadow imp (D:6)
  A white imp (D:4)
  3 oozes
  An adder skeleton (D:4)
  2 worms
  A dart slug (D:3)
  8 leopard geckos
  11 orcs
  7 ball pythons
  5 giant cockroaches
  4 goblins
  6 hobgoblins
  18 jackals
  21 kobolds
  2 quokkas
  9 bats
  6 frilled lizards
  3 goblin skeletons (D:4)
  A goblin zombie (D:4)
  A hobgoblin zombie (D:4)
  A jackal zombie (D:5)
  A kobold zombie (D:4)
  2 orc skeletons (D:4)
  28 rats
196 creatures vanquished.

Vanquished Creatures (others)
  A leopard gecko skeleton (D:6)
1 creature vanquished.

Grand Total: 197 creatures vanquished

Notes
Turn   | Place    | Note
-------+----------+-------------------------------------------
     0 | D:1      | Amnesiac the Mummy Ice Elementalist began the quest for the
                  | Orb.
     0 | D:1      | Reached XP level 1. HP: 13/13 MP: 4/4
   457 | D:1      | Reached XP level 2. HP: 10/19 MP: 0/5
   886 | D:2      | Reached XP level 3. HP: 22/24 MP: 1/7
  1178 | D:3      | Reached XP level 4. HP: 26/30 MP: 3/9
  1537 | D:4      | Found a glowing golden altar of the Shining One.
  1752 | D:4      | Got a faintly glowing ring mail
  1763 | D:4      | Identified the +1 ring mail of Iguetz {rPois rN+ Int-4}
                  | (You found it on level 4 of the Dungeon)
  1895 | D:4      | Found a staircase to the Ecumenical Temple.
  1901 | Temple   | Entered the Ecumenical Temple
  2067 | Temple   | Became a worshipper of Vehumet
  2297 | Temple   | Learned a level 4 spell: Throw Icicle
  2302 | Temple   | Learned a level 4 spell: Summon Ice Beast
  2402 | Temple   | Reached skill level 1 in Conjurations
  2402 | Temple   | Reached XP level 5. HP: 31/35 MP: 5/11
  2407 | Temple   | Learned a level 3 spell: Ozocubu's Armour
  3112 | D:1      | Reached * piety under Vehumet
  3112 | D:1      | Offered knowledge of Sting by Vehumet.
  3625 | D:3      | Reached XP level 6. HP: 39/41 MP: 8/12
  3918 | D:3      | Reached ** piety under Vehumet
  3918 | D:3      | Offered knowledge of Magic Dart by Vehumet.
  4283 | D:4      | HP: 1/41 [gnoll/halberd (14)]
  4748 | D:4      | Reached skill level 1 in Shields
  4939 | D:4      | HP: 2/41 [gnoll/halberd (13)]
  5342 | D:5      | Entered Level 5 of the Dungeon
  5360 | D:5      | Reached XP level 7. HP: 30/46 MP: 5/13
  5790 | D:5      | Offered knowledge of Static Discharge by Vehumet.
  6078 | D:5      | Found a glowing golden altar of the Shining One.
  6559 | D:5      | Reached skill level 5 in Ice Magic
  6788 | D:6      | Reached *** piety under Vehumet
  6788 | D:6      | Reached skill level 5 in Conjurations
  6793 | D:6      | Found a glowing drain.
  6805 | Sewer    | Entered a sewer
  6847 | Sewer    | Reached XP level 8. HP: 37/52 MP: 15/15
  6978 | Sewer    | Reached skill level 5 in Spellcasting
  7044 | Sewer    | Offered knowledge of Iskenderun's Mystic Blast by Vehumet.
  7164 | Sewer    | Reached **** piety under Vehumet
  7208 | Sewer    | Offered knowledge of Bolt of Draining by Vehumet.
  7234 | Sewer    | Learned a level 5 spell: Bolt of Draining
  7823 | D:6      | Reached skill level 1 in Necromancy
  8366 | D:6      | HP: 1/52 [centaur (4)]
  8367 | D:6      | Slain by a centaur

Vault maps used:
D:1:      minmay_arrival_wavy_path, minmay_pentomino_u4
D:2:      first_ration, grunt_ministairs_2
D:4:      minmay_temple_entry_overgrown, nicolae_tso_besieged_by_evil
D:5:      basic_altar
D:6:      cheibrodos_sewer_entry_drain
Temple:   minmay_crystal_snake_temple
Sewer:    sewer_minmay_treatment

Skill      XL: |  1  2  3  4  5  6  7  8 |
---------------+-------------------------+-----
Ice Magic      | 3 4 5 |  5.4
Spellcasting   | 3 4 5 |  5.3
Conjurations   | 1 3 4 5 |  5.3
Shields        | 1 2 4 |  4.0
Necromancy     | 4 |  4.0
Dodging        | |  1.5
Stealth        | |  1.5

Action                   |  1- 3 |  4- 6 |  7- 9 || total
-------------------------+-------+-------+-------++-------
Melee: Unarmed           |     1 |     2 |       ||     3
       Spear             |       |    81 |       ||    81
       Trident           |       |    14 |    58 ||    72
       Short sword       |       |       |    12 ||    12
 Cast: Freeze            |    39 |   162 |   123 ||   324
       Ozocubu's Armour  |       |     3 |     3 ||     6
       Throw Icicle      |       |       |    33 ||    33
       Bolt of Draining  |       |       |     4 ||     4
  Use: Scroll            |       |     9 |     3 ||    12
 Stab: Sleeping          |       |     2 |     1 ||     3
Armor: Robe              |    10 |    26 |    27 ||    63
Dodge: Dodged            |    37 |   139 |    99 ||   275
Block: Buckler           |       |       |    42 ||    42

Table legend:
 A = Non-vault XP
 B = Vault XP
 C = Vault XP percentage of total XP
 D = Non-vault monster count
 E = Vault monster count
 F = Vault count percentage of total count
                 A         B        C        D         E       F
            +---------+---------+-------+---------+---------+-------
      Total |    2458 |     288 |  10.5 |     130 |      66 |  33.7
            +---------+---------+-------+---------+---------+-------
        D:1 |      32 |      19 |  37.3 |      17 |       5 |  22.7
        D:2 |      60 |       2 |   3.2 |      16 |       1 |   5.9
        D:3 |     264 |       0 |   0.0 |      38 |       0 |   0.0
        D:4 |     203 |      18 |   8.1 |      18 |       9 |  33.3
        D:5 |     824 |       0 |   0.0 |      18 |       0 |   0.0
        D:6 |     947 |       5 |   0.5 |      16 |       3 |  15.8
     Temple |     128 |       0 |   0.0 |       7 |       0 |   0.0
      Sewer |       0 |     244 | 100.0 |       0 |      48 | 100.0
            +---------+---------+-------+---------+---------+-------
